[Event "*** SCC Grand Prix: Titled Tuesday Blitz"]
[Site "Chess.com"]
[Date "2020.08.11"]
[Round "3"]
[White "mjray79"]
[Black "UCantHandleDenker"]
[Result "1-0"]
[WhiteElo "2371"]
[BlackElo "2565"]
[TimeControl "180+1"]
[EndTime "10:27:14 PDT"]
[Termination "mjray79 won by resignation"]

1. d4 d6 2. c4 Nf6 3. Nc3 Nbd7 4. e4 e5 5. d5 Be7 6. Nge2 O-O 7. Ng3 Ne8 8. Be3 Bg5 9. Qc1 Bxe3 10. Qxe3 g6 11. Be2 Ng7 12. Rc1 a6 13. b4 f5 14. exf5 gxf5 15.
f4 Qh4 16. O-O e4 17. c5 Nf6 18. cxd6 cxd6 19. Na4 Bd7 20. Nb6 Rad8 21. Rc7 Bb5 22.
Rxg7+ Kh8 23. Bxb5 axb5 24. h3 Nxd5 25. Qd4 Qf6 26.
Qxf6 Rxf6 27. Nxd5 Kxg7 28. Nh5+ Kf7 29. Nhxf6 Rc8 30.
g4 Ke6 31. Re1 Rc2 32. gxf5+ Kf7 33. Rxe4 1-0

[Event "*** SCC Grand Prix: Titled Tuesday Blitz"]
[Site "Chess.com"]
[Date "2020.08.11"]
[Round "3"]
[White "Nafania1"]
[Black "natelleka"]
[Result "1-0"]
[WhiteElo "2474"]
[BlackElo "2095"]
[TimeControl "180+1"]
[EndTime "10:27:19 PDT"]
[Termination "Nafania1 won by resignation"]

1. e4 e5 2. Nf3 Nf6 3. Nxe5 Nxe4 4. Qe2 Qe7 5. Qxe4 d6 6. d4 dxe5 7. dxe5 Nc6 8. Nc3 Qxe5 9. Qxe5+ Nxe5 10. Nb5 Bd6 11.
Nxd6+ cxd6 12. Be3 O-O 13. O-O-O Rd8 14. h3 Be6 15.
Kb1 Rac8 16. b3 b6 17. Ba6 Rc7 18. Rhe1 Bc8 19. Bf1 Bf5 20. Rd2 Rdc8 21. Rc1 Kf8 22. Kb2 Ke7 23. c4 b5 24. f4 bxc4 25. fxe5 c3+ 26.
Rxc3 Rxc3 27. exd6+ Kd8 28. Bxa7 Rc2+ 29. Rxc2 Rxc2+ 30. Ka3 Rf2 31. Bxf2 1-0

[Event "*** SCC Grand Prix: Titled Tuesday Blitz"]
[Site "Chess.com"]
[Date "2020.08.11"]
[Round "3"]
[White "Caterpiller35"]
[Black "BikingBrian"]
[Result "1-0"]
[WhiteElo "2413"]
[BlackElo "2192"]
[TimeControl "180+1"]
[EndTime "10:27:19 PDT"]
[Termination "Caterpiller35 won by resignation"]

1. d4 Nf6 2. Bg5 c5 3. d5 Ne4 4.
Bc1 g6 5. f3 Nf6 6. e4 d6 7. Nc3 Bg7 8. Bb5+ Bd7 9. a4 O-O 10.
Bxd7 Nbxd7 11. Nh3 a6 12. O-O Rb8 13. Qe2 Qc7 14. f4 c4 15. Kh1 b5 16. axb5 axb5 17. Ra6 Rb6 18. Rxb6 Qxb6 19. Be3 Qb7 20. Ra1 Ra8 21.
Rxa8+ Qxa8 22. Nxb5 Qa1+ 23. Bg1 Nc5 24. e5 Nxd5 25.
exd6 exd6 26. Qe8+ Bf8 27. Nxd6 1-0

[Event "*** SCC Grand Prix: Titled Tuesday Blitz"]
[Site "Chess.com"]
[Date "2020.08.11"]
[Round "3"]
[White "MoreChessJulia"]
[Black "BJthechessgod"]
[Result "0-1"]
[WhiteElo "1853"]
[BlackElo "2253"]
[TimeControl "180+1"]
[EndTime "10:27:20 PDT"]
[Termination "BJthechessgod won by resignation"]

1. d4 Nf6 2. c4 e6 3. Nf3 b6 4. a3 Bb7 5. g3 Be7 6. Bg2 O-O 7. O-O d5 8. b3 dxc4 9. bxc4 c5 10. e3 cxd4 11. exd4 Nc6 12. Bb2 Rc8 13. Nc3 Na5 14. Ne5 Bxg2 15. Kxg2 Nxc4 16. Nxc4 Rxc4 17. Ne2 Qd5+ 18. f3 Ng4 19. Qd3 Rc2 20. Bc1 Rfc8 21.
Bf4 g6 22. Rfc1 Rxc1 23. Rxc1 Rxc1 24. Nxc1 Nf6 25. Qc3 Kg7 26. Nd3 Qa2+ 27. Nf2 Nd5 28. Qc1 Qxa3 29. Qd2 Bb4 0-1

[Event "*** SCC Grand Prix: Titled Tuesday Blitz"]
[Site "Chess.com"]
[Date "2020.08.11"]
[Round "3"]
[White "Iskusnyh"]
[Black "GMaka"]
[Result "1-0"]
[WhiteElo "2573"]
[BlackElo "2349"]
[TimeControl "180+1"]
[EndTime "10:27:24 PDT"]
[Termination "Iskusnyh won by resignation"]

1. d4 Nf6 2. c4 Nc6 3. Nf3 e6 4. g3 Bb4+ 5. Bd2 a5 6. Bg2 d6 7. O-O e5 8. Bg5 exd4 9. Nxd4 Nxd4 10. Qxd4 Bc5 11. Qh4 O-O 12. Nc3 c6 13. Ne4 Bd4 14.
Rad1 Bxb2 15. Rxd6 Qe7 16. Rxf6 Bxf6 17. Nxf6+ gxf6 18. Bxf6 Qc5 19. Qh6 1-0

[Event "*** SCC Grand Prix: Titled Tuesday Blitz"]
[Site "Chess.com"]
[Date "2020.08.11"]
[Round "3"]
[White "chessfrendz"]
[Black "QueenOfTactics90"]
[Result "1-0"]
[WhiteElo "2263"]
[BlackElo "1940"]
[TimeControl "180+1"]
[EndTime "10:27:26 PDT"]
[Termination "chessfrendz won by checkmate"]

1. e4 c5 2. Nc3 Nc6 3. f4 g6 4. Nf3 Bg7 5. Bc4 e6 6. O-O Nge7 7. Qe1 O-O 8. e5 d5 9. exd6 Qxd6 10. d3 a6 11. Ne4 Qc7 12. a4 b6 13. Qh4 h6 14. g4 Nd4 15. Nf6+ Bxf6 16. Qxf6 Nxf3+ 17. Rxf3 Bb7 18. Rg3 Kh7 19. f5 exf5 20. Bxh6 Ng8 21. Qg7# 1-0

[Event "*** SCC Grand Prix: Titled Tuesday Blitz"]
[Site "Chess.com"]
[Date "2020.08.11"]
[Round "3"]
[White "EndGameDestroyer"]
[Black "beatnoguera"]
[Result "1-0"]
[WhiteElo "2238"]
[BlackElo "1802"]
[TimeControl "180+1"]
[EndTime "10:27:28 PDT"]
[Termination "EndGameDestroyer won by resignation"]

1. e4 e5 2. Nf3 Nc6 3. Bb5 a6 4. Ba4 Bc5 5. O-O Nf6 6. d3 b5 7. Bb3 O-O 8. c3 d5 9. Nbd2 dxe4 10. dxe4 Bg4 11. h3 Bh5 12. Qe1 Qd3 13. Bd1 Rad8 14. Be2 Qd6 15. Nh4 Bxe2 16. Qxe2 Qd3 17. Qe1 b4 18.
Nb3 bxc3 19. Nxc5 Qc4 20. Qxc3 Qb5 21. Bg5 Rd6 22. Nf5 Re6 23. Nxe6 fxe6 24. Qxc6 exf5 25. Qxb5 axb5 26. exf5 Ne4 27. Be3 c5 28. Rfc1 c4 29. a4 Rxf5 30. axb5 1-0

[Event "*** SCC Grand Prix: Titled Tuesday Blitz"]
[Site "Chess.com"]
[Date "2020.08.11"]
[Round "3"]
[White "ZverevLev"]
[Black "Yashasd1995"]
[Result "1-0"]
[WhiteElo "2319"]
[BlackElo "2508"]
[TimeControl "180+1"]
[EndTime "10:27:30 PDT"]
[Termination "ZverevLev won by resignation"]

1. e4 d5 2. exd5 Nf6 3. d4 Bg4 4. Be2 Bxe2 5. Nxe2 Qxd5 6. O-O Nc6 7. Nbc3 Qf5 8. h3 e6 9. Be3 O-O-O 10. a3 g5 11. Ng3 Qg6 12. Qf3 g4 13. hxg4 Nxg4 14. Rad1 Bd6 15. Nce4 f5 16. Nxd6+ Rxd6 17. d5 Nce5 18. Qe2 Nxe3 19. Qxe3 Ng4 20. Qxa7 Qh6 21. Qa8+ Kd7 22. dxe6+ Kc6 23. Qa4+ b5 24. Rxd6+ cxd6 25. Qa6+ Kc7 26. Rd1 Qxe6 27. Qxb5 Rb8 28. Qa5+ Kc6 29. Nxf5 1-0

[Event "*** SCC Grand Prix: Titled Tuesday Blitz"]
[Site "Chess.com"]
[Date "2020.08.11"]
[Round "3"]
[White "Noam_Vitenberg"]
[Black "gusmaster2262"]
[Result "1-0"]
[WhiteElo "2501"]
[BlackElo "2215"]
[TimeControl "180+1"]
[EndTime "10:27:32 PDT"]
[Termination "Noam_Vitenberg won on time"]

1. Nf3 Nf6 2. c4 g6 3. Nc3 Bg7 4. e4 c5 5. d4 cxd4 6. Nxd4 d6 7. Be2 O-O 8. Be3 Nc6 9. h3 Bd7 10. O-O Nxd4 11. Bxd4 Bc6 12. Qc2 a5 13. Rfd1 a4 14.
Rac1 Nd7 15. Bxg7 Kxg7 16. Bg4 Ne5 17. c5 Nxg4 18. hxg4 Qc8 19. cxd6 exd6 20. f3 Qe6 21. Qd3 Rfd8 22. Qd4+ Kg8 23. a3 b5 24. Ne2 Rac8 25. Qb6 Be8 26. Rxc8 Qxc8 27. Rxd6 Rxd6 28. Qxd6 Qc4 29.
Nc3 Bc6 30. Kh2 h6 31. Qf6 Kh7 32. Qe5 Bd7 33. Nd5 1-0

[Event "*** SCC Grand Prix: Titled Tuesday Blitz"]
[Site "Chess.com"]
[Date "2020.08.11"]
[Round "3"]
[White "Anton_Demchenko"]
[Black "AliKa2810"]
[Result "1-0"]
[WhiteElo "2831"]
[BlackElo "2613"]
[TimeControl "180+1"]
[EndTime "10:27:33 PDT"]
[Termination "Anton_Demchenko won by resignation"]

1. d4 Nf6 2. Nf3 d5 3. Bf4 e6 4. e3 Bd6 5. Ne5 c5 6. Nd2 O-O 7. c3 Nc6 8. Bd3 Qc7 9. Ndf3 Nd7 10. Ng5 h6 11. Bh7+ Kh8 12. Nexf7+ Rxf7 13. Nxf7+ Kxh7 14. Bxd6 Qb6 15. Qb3 Kg8 16. Qxb6 Nxb6 17. Ne5 Nxe5 18. Bxe5 Bd7 19. b3 Rc8 20. Kd2 a5 21. dxc5 Rxc5 22. Bd4 Rc6 23. Bxb6 Rxb6 24. f4 a4 25. Rab1 a3 26.
Rhd1 Be8 27. Rbc1 Bg6 28. Ke1 Be4 29. g3 Kf7 30. Rd4 Ra6 31. Ra4 Rxa4 32. bxa4 Ke7 33. c4 Kd6 34. cxd5 Bxd5 35. Rc3 Bxa2 36. Rxa3 Bd5 37. Rc3 e5 38. Kd2 exf4 39. exf4 1-0

[Event "*** SCC Grand Prix: Titled Tuesday Blitz"]
[Site "Chess.com"]
[Date "2020.08.11"]
[Round "3"]
[White "manuellarrea"]
[Black "stolencandy13"]
[Result "1-0"]
[WhiteElo "2235"]
[BlackElo "2424"]
[TimeControl "180+1"]
[EndTime "10:27:34 PDT"]
[Termination "manuellarrea won by resignation"]

1. e4 c6 2. d4 d5 3. exd5 cxd5 4.
c4 Nf6 5. Nc3 e6 6. Nf3 Bb4 7.
cxd5 Nxd5 8. Bd2 Nc6 9. Bd3 O-O 10. O-O Be7 11. a3 b6 12. Re1 Bb7 13. Qe2 Rc8 14. Rad1 Nxc3 15. bxc3 Bf6 16. Qe4 g6 17. h4 Qd5 18.
Qg4 Ne7 19. Be4 Qd7 20. Bd3 Nf5 21. h5 Qd6 22. hxg6 hxg6 23. Qh3 Bxf3 24. Qxf3 Qc6 25.
Be4 Qb5 26. g4 Nd6 27. Qxf6 Nxe4 28. Rxe4 Qd3 29. Bh6 Qxd1+ 30. Kg2 1-0

[Event "*** SCC Grand Prix: Titled Tuesday Blitz"]
[Site "Chess.com"]
[Date "2020.08.11"]
[Round "3"]
[White "davidkalashian"]
[Black "GracefulYear"]
[Result "0-1"]
[WhiteElo "2565"]
[BlackElo "2370"]
[TimeControl "180+1"]
[EndTime "10:27:40 PDT"]
[Termination "GracefulYear won on time"]

1. d4 Nf6 2. c4 c5 3. Nf3 b6 4. Nc3 Bb7 5. d5 g6 6. e4 d6 7. Bd3 Bg7 8. O-O Nbd7 9. h3 O-O 10. Bf4 a6 11. a4 Ne8 12. Qd2 Nc7 13. Bh6 e5 14. dxe6 fxe6 15. Bxg7 Kxg7 16. Bc2 Nf6 17. Rad1 d5 18. cxd5 exd5 19. exd5 Ncxd5 20. Nxd5 Bxd5 21. Qc3 Kg8 22. Bb3 Qd6 0-1

[Event "*** SCC Grand Prix: Titled Tuesday Blitz"]
[Site "Chess.com"]
[Date "2020.08.11"]
[Round "3"]
[White "ethylalcohol"]
[Black "IMAghasiyevKamal"]
[Result "0-1"]
[WhiteElo "2203"]
[BlackElo "2425"]
[TimeControl "180+1"]
[EndTime "10:27:41 PDT"]
[Termination "IMAghasiyevKamal won on time"]

1. d4 Nf6 2. Bf4 c5 3. e3 cxd4 4. exd4 d5 5. Nf3 Nc6 6. c3 g6 7. Bd3 Bg7 8. Nbd2 O-O 9. O-O Nh5 10. Bg5 Qc7 11. Bh4 f6 12. Qb3 Be6 13. Rfe1 Bf7 14. Rac1 a6 15. c4 Na5 16. Qa4 Rac8 17. c5 Nc6 18. b4 e5 19. dxe5 fxe5 20. Bf1 h6 21. Bg3 Nxg3 22. hxg3 e4 23. Nh2 Bd4 24. Nb3 Bg7 25. f3 Qxg3 26. fxe4 dxe4 27. Rxe4 Bd5 0-1

[Event "*** SCC Grand Prix: Titled Tuesday Blitz"]
[Site "Chess.com"]
[Date "2020.08.11"]
[Round "3"]
[White "reniite"]
[Black "novocane"]
[Result "0-1"]
[WhiteElo "1946"]
[BlackElo "2267"]
[TimeControl "180+1"]
[EndTime "10:27:41 PDT"]
[Termination "novocane won by resignation"]

1. e4 c5 2. Nf3 Nc6 3. d4 cxd4 4. Nxd4 e5 5. Nb5 d6 6. N1c3 a6 7. Na3 Be7 8. Nd5 Nf6 9. Bd3 Nxd5 10. exd5 Qa5+ 11.
Bd2 Qxd5 12. O-O Qe6 13. Bc3 d5 14. Re1 Bxa3 15. bxa3 d4 16. Bb4 Nxb4 17. axb4 O-O 18. f4 f6 19. fxe5 fxe5 20. Qh5 g6 21. Qxe5 Qxe5 22.
Rxe5 Bf5 23. Bxf5 Rxf5 24. Rxf5 gxf5 25. Rd1 Rc8 26. Rd2 Rc4 27. a3 Kf7 28. Kf2 Ke6 29.
Re2+ Kd5 30. Kf3 Rc3+ 31. Kf4 Rxa3 32. Kxf5 Kc4 33. Ke5 Re3+ 0-1

[Event "*** SCC Grand Prix: Titled Tuesday Blitz"]
[Site "Chess.com"]
[Date "2020.08.11"]
[Round "3"]
[White "Makswolf200817"]
[Black "zala02"]
[Result "1-0"]
[WhiteElo "2442"]
[BlackElo "2211"]
[TimeControl "180+1"]
[EndTime "10:27:43 PDT"]
[Termination "Makswolf200817 won by resignation"]

1. d4 Nf6 2. c4 e6 3. Nf3 d5 4. g3 dxc4 5. Bg2 Bb4+ 6. Bd2 a5 7.
O-O O-O 8. a3 Bd6 9. Qc2 b5 10.
Ne5 Nd5 11. a4 c6 12. Na3 Ba6 13. axb5 cxb5 14. Rfc1 f6 15. e4 fxe5 16. exd5 Ra7 17. dxe6 exd4 18. Qe4 Bc5 19. Bf4 Bb7 20. Qe5 Ba6 21.
Qxc5 Re7 22. Bg5 Qc7 23. Qxe7 1-0

[Event "*** SCC Grand Prix: Titled Tuesday Blitz"]
[Site "Chess.com"]
[Date "2020.08.11"]
[Round "3"]
[White "goldihouse"]
[Black "TheMightyBishops"]
[Result "1-0"]
[WhiteElo "2460"]
[BlackElo "2013"]
[TimeControl "180+1"]
[EndTime "10:27:44 PDT"]
[Termination "goldihouse won on time"]

1. c4 c5 2. g3 Nc6 3. Bg2 e5 4. Nc3 g6 5. a3 Bg7 6. b4 d6 7.
Rb1 Nge7 8. d3 O-O 9. Bd2 h6 10. e3 f5 11. Nge2 g5 12. f4 Ng6 13. O-O exf4 14. exf4 g4 15. Nd5 h5 16. Bc3 Nd4 17. Nxd4 cxd4 18. Bd2 h4 19. Re1 hxg3 20. hxg3 Rb8 21.
b5 b6 22. a4 Kh7 23. Kf2 Kg8 24. a5 Bb7 25. Ra1 Be5 26. axb6 axb6 27. Ra7 Rf7 28.
Rh1 Kg7 29. fxe5 dxe5 30. Bh6+ Kg8 31. Rh5 f4 32. Qxg4 fxg3+ 33. Kxg3 Kh7 34. Bg5+ 1-0

[Event "*** SCC Grand Prix: Titled Tuesday Blitz"]
[Site "Chess.com"]
[Date "2020.08.11"]
[Round "3"]
[White "Karina_Ivanova"]
[Black "Matveev_Vladimir"]
[Result "0-1"]
[WhiteElo "2230"]
[BlackElo "2642"]
[TimeControl "180+1"]
[EndTime "10:27:44 PDT"]
[Termination "Matveev_Vladimir won by resignation"]

1. d4 Nf6 2. Nf3 g6 3. g3 Bg7 4. Bg2 O-O 5. O-O d6 6. c4 Nc6 7. Nc3 Bf5 8. d5 Na5 9. Nd4 Bd7 10. b3 c5 11. dxc6 bxc6 12. Bb2 Rb8 13. Qc2 Qc7 14.
Rfd1 Rfd8 15. Rac1 Nb7 16. Ne4 Nxe4 17. Bxe4 Nc5 18. Bg2 a5 19. Bc3 Ra8 20. h4 e5 21.
Nf3 Bf5 22. Qb2 Ne4 23. Be1 Qb6 24. Nd2 Nxg3 25. c5 Nxe2+ 26. Kf1 Qa6 27. Rc4 e4 28.
Qa3 Nc3 29. Rc1 d5 0-1

[Event "*** SCC Grand Prix: Titled Tuesday Blitz"]
[Site "Chess.com"]
[Date "2020.08.11"]
[Round "3"]
[White "queen_iryna"]
[Black "denispopov"]
[Result "1-0"]
[WhiteElo "2253"]
[BlackElo "1843"]
[TimeControl "180+1"]
[EndTime "10:27:44 PDT"]
[Termination "queen_iryna won by resignation"]

1. Nf3 d5 2. c4 e6 3. g3 Nf6 4. Bg2 b6 5. O-O Bb7 6. b3 Be7 7. Bb2 O-O 8. d3 Nbd7 9. Nbd2 Rc8 10. Rc1 dxc4 11. bxc4 c5 12. Rc2 Nb8 13. Qa1 Na6 14.
a3 Nc7 15. Rb1 Ba8 16. Bc3 Rb8 17. Ne5 Bxg2 18. Kxg2 Qd6 19. Ndf3 Na6 20. Qb2 Nc7 21. h4 a6 22. a4 Rfc8 23. Qc1 Bf8 24. Qg5 h6 25. Qf4 Nh5 26. Qxf7+ 1-0

[Event "*** SCC Grand Prix: Titled Tuesday Blitz"]
[Site "Chess.com"]
[Date "2020.08.11"]
[Round "3"]
[White "Misticpikachu"]
[Black "DrMamaliga"]
[Result "0-1"]
[WhiteElo "2348"]
[BlackElo "2185"]
[TimeControl "180+1"]
[EndTime "10:27:46 PDT"]
[Termination "DrMamaliga won by resignation"]

1. c4 c5 2. g3 g6 3. Bg2 Bg7 4.
Nf3 Nc6 5. O-O d6 6. Nc3 Nh6 7. d4 cxd4 8. Bxh6 Bxh6 9. Nxd4 Nxd4 10. Qxd4 O-O 11. Rad1 Bg7 12. Qd3 Rb8 13. c5 Bf5 14. e4 Bg4 15. f3 Be6 16. cxd6 Qb6+ 17. Kh1 exd6 18. b3 Rfd8 19. Nd5 Bxd5 20. Qxd5 Rbc8 21. Rc1 Qe3 22. Rxc8 Rxc8 23. Qxb7 Rc2 24. a4 Bd4 25. Qd7 Rxg2 26. Qxd6 Rg1+ 0-1

[Event "*** SCC Grand Prix: Titled Tuesday Blitz"]
[Site "Chess.com"]
[Date "2020.08.11"]
[Round "3"]
[White "Mbneu"]
[Black "Alomaterapia"]
[Result "0-1"]
[WhiteElo "2217"]
[BlackElo "2520"]
[TimeControl "180+1"]
[EndTime "10:27:54 PDT"]
[Termination "Alomaterapia won by resignation"]

1. d4 Nf6 2. c4 g6 3. Nc3 Bg7 4. e4 d6 5. f4 O-O 6. Nf3 c5 7. d5 e6 8. Be2 exd5 9. cxd5 Nbd7 10. O-O Re8 11. Nd2 c4 12. Kh1 b5 13. Nxb5 Nxe4 14. Nxe4 Rxe4 15. Nxd6 Rd4 16. Qc2 Nb6 17. Nxc8 Rxc8 18.
Be3 Rxd5 19. Rfd1 c3 20. Bxb6 cxb2 21. Bxd8 Rxc2 22. Rab1 Rxd1+ 23. Bxd1 Rc1 0-1

[Event "*** SCC Grand Prix: Titled Tuesday Blitz"]
[Site "Chess.com"]
[Date "2020.08.11"]
[Round "3"]
[White "jamalm2"]
[Black "Jadeit90"]
[Result "0-1"]
[WhiteElo "1839"]
[BlackElo "2244"]
[TimeControl "180+1"]
[EndTime "10:27:54 PDT"]
[Termination "Jadeit90 won on time"]

1. e4 g6 2. d4 Bg7 3. h3 c5 4. Nf3 cxd4 5. Nxd4 Nc6 6. Be3 Nf6 7. Nc3 O-O 8. Bc4 d6 9. Qd2 a6 10. Bb3 Bd7 11.
O-O-O b5 12. f3 b4 13. Nd5 a5 14. Nxc6 Bxc6 15. Bh6 a4 16. Nxf6+ Bxf6 17. Bd5 Bxd5 18. Qxd5 Re8 19. g4 b3 20. a3 bxc2 21. Kxc2 Qb6 22. Bc1 Rec8+ 23. Kd2 Bxb2 24. Ke2 Rc2+ 25. Bd2 Rac8 26.
h4 e6 0-1

[Event "*** SCC Grand Prix: Titled Tuesday Blitz"]
[Site "Chess.com"]
[Date "2020.08.11"]
[Round "3"]
[White "Aemulus20"]
[Black "Dedic8"]
[Result "0-1"]
[WhiteElo "2553"]
[BlackElo "2832"]
[TimeControl "180+1"]
[EndTime "10:27:59 PDT"]
[Termination "Dedic8 won by resignation"]

1. e4 e5 2. Nf3 Nc6 3. Bb5 a6 4. Ba4 Nf6 5. O-O Be7 6. Re1 b5 7. Bb3 O-O 8. c3 d5 9. exd5 Nxd5 10. Nxe5 Nxe5 11. Rxe5 c6 12. d4 Bd6 13. Re1 Qh4 14.
g3 Qh3 15. Qf3 Bg4 16. Qg2 Qh5 17. Be3 Ra7 18. a4 Re7 19. axb5 axb5 20. Nd2 Rfe8 21.
Ra6 Nxe3 22. Rxe3 Rxe3 23. fxe3 Rxe3 24. Ra7 Re1+ 25. Nf1 Bh3 26. Rxf7 Bxg2 27. Rf5+ Kh8 28. Rxh5 Bxf1 29. Bc2 Bc4+ 0-1

[Event "*** SCC Grand Prix: Titled Tuesday Blitz"]
[Site "Chess.com"]
[Date "2020.08.11"]
[Round "3"]
[White "PavelChernomordik"]
[Black "HonzaVykouk"]
[Result "0-1"]
[WhiteElo "2358"]
[BlackElo "2583"]
[TimeControl "180+1"]
[EndTime "10:28:00 PDT"]
[Termination "HonzaVykouk won by resignation"]

1. e4 c5 2. Nc3 d6 3. f4 g6 4. Nf3 Bg7 5. Bb5+ Nd7 6. O-O a6 7. Be2 e6 8. f5 gxf5 9. exf5 exf5 10. d4 cxd4 11. Nxd4 Ne7 12. Nxf5 Nxf5 13. Rxf5 Ne5 14. Rf1 O-O 15. Nd5 Be6 16. c4 Rc8 17. Be3 Nxc4 18.
Bxc4 Rxc4 19. Qh5 Rh4 20. Qf3 Bxd5 21. Qxd5 Qe8 22. Rae1 Qc6 23. Qg5 Re4 24. h4 Rfe8 25. h5 h6 26. Qg3 Qd5 27. Bxh6 Qd4+ 28. Kh2 Rh4+ 0-1

[Event "*** SCC Grand Prix: Titled Tuesday Blitz"]
[Site "Chess.com"]
[Date "2020.08.11"]
[Round "3"]
[White "zmeeed67"]
[Black "tylityli"]
[Result "1-0"]
[WhiteElo "2488"]
[BlackElo "2167"]
[TimeControl "180+1"]
[EndTime "10:28:00 PDT"]
[Termination "zmeeed67 won by resignation"]

1. d4 Nf6 2. c4 e6 3. Nc3 Bb4 4. f3 d5 5. a3 Be7 6. e4 dxe4 7.
fxe4 c5 8. d5 exd5 9. exd5 O-O 10. Nf3 a6 11. Bd3 Bg4 12. O-O Nbd7 13. Bf4 Nh5 14.
Bd2 Ne5 15. Be2 Bxf3 16. Bxf3 Nxf3+ 17. Qxf3 Nf6 18. Rae1 Re8 19. Bg5 h6 20. Bh4 Rb8 21. a4 Qd7 22. Ne4 Nxe4 23. Qxf7+ Kh8 24. Rxe4 Rf8 25.
Qxe7 Rxf1+ 26. Kxf1 Qf5+ 27. Kg1 Rf8 28. Re1 Qf4 29.
h3 Rf5 30. Qe8+ Kh7 31. Qe4 1-0

[Event "*** SCC Grand Prix: Titled Tuesday Blitz"]
[Site "Chess.com"]
[Date "2020.08.11"]
[Round "3"]
[White "Arseniy_Nesterov"]
[Black "aa175"]
[Result "1-0"]
[WhiteElo "2754"]
[BlackElo "2484"]
[TimeControl "180+1"]
[EndTime "10:28:02 PDT"]
[Termination "Arseniy_Nesterov won by resignation"]

1. d4 e5 2. dxe5 Nc6 3. Nf3 Qe7 4. Bf4 Qb4+ 5. Bd2 Qxb2 6. Nc3 Bb4 7. Rb1 Qxc3 8. Bxc3 Bxc3+ 9. Nd2 Nxe5 10. Rb3 Ba5 11. e3 Nf6 12. Rb5 Bc3 13. Bd3 c6 14. Rc5 Nxd3+ 15.
cxd3 Bb4 16. Rc4 a5 17. O-O d5 18. Rc1 O-O 19. Nf3 Bf5 20. Nd4 Bg6 21. Qb3 Nd7 22. a3 Nc5 23. Qa2 Nxd3 24. axb4 axb4 25. Qd2 Nxc1 26.
Rxc1 Ra4 27. h4 Rfa8 28. Nb3 Bf5 29. Nc5 Ra1 30. Rxa1 Rxa1+ 31. Kh2 Rb1 32. Qa2 h6 33. e4 Rc1 34. Nb3 1-0

[Event "*** SCC Grand Prix: Titled Tuesday Blitz"]
[Site "Chess.com"]
[Date "2020.08.11"]
[Round "3"]
[White "Nikolaj_6"]
[Black "capatl"]
[Result "1-0"]
[WhiteElo "2617"]
[BlackElo "2401"]
[TimeControl "180+1"]
[EndTime "10:28:02 PDT"]
[Termination "Nikolaj_6 won by resignation"]

1. e4 c5 2. Nf3 e6 3. d4 cxd4 4. Nxd4 a6 5. Nc3 Qc7 6. a3 Nf6 7. Qf3 d6 8. Qg3 Nbd7 9. Be3 b5 10. O-O-O Rb8 11. f3 b4 12. axb4 Rxb4 13. Qe1 Rb8 14.
Nb3 Be7 15. g4 Ne5 16. Be2 Nc4 17. Bxc4 Qxc4 18. Rd4 Qc7 19. Qd2 Nd7 20. Bg5 Ne5 21. Bxe7 Qxe7 22. Rf1 Rb6 23. g5 O-O 24. f4 Ng6 25. f5 Ne5 26. f6 Qc7 27. fxg7 Kxg7 28.
h4 Bb7 29. h5 Nc4 30. Qf4 e5 31. Qf6+ Kg8 32. h6 1-0

[Event "*** SCC Grand Prix: Titled Tuesday Blitz"]
[Site "Chess.com"]
[Date "2020.08.11"]
[Round "3"]
[White "Grandelicious"]
[Black "tvjosue"]
[Result "1-0"]
[WhiteElo "2767"]
[BlackElo "2513"]
[TimeControl "180+1"]
[EndTime "10:28:03 PDT"]
[Termination "Grandelicious won by resignation"]

1. Nf3 c5 2. g3 Nc6 3. Bg2 g6 4. c4 Bg7 5. Nc3 e5 6. d3 d6 7.
Nd2 Nge7 8. Nf1 Be6 9. Ne3 Rb8 10. Ned5 h6 11. O-O a6 12. Bd2 O-O 13. a3 b5 14. cxb5 axb5 15. b4 c4 16. dxc4 bxc4 17. Nxe7+ Nxe7 18. Be3 d5 19. Ba7 Rc8 20. Bc5 Rxc5 21.
bxc5 d4 22. Nb5 Qa5 23. a4 Rc8 24. Nd6 Rc7 25. Qb1 Qxc5 26. Qb8+ Kh7 27. Nb7 Rc8 28.
Nxc5 Rxb8 29. Nxe6 fxe6 30. a5 Nd5 31. Rfb1 Ra8 32. a6 Bf8 33. Rb7+ Kg8 34. a7 Bd6 35. Rd7 Bc5 36. Rxd5 1-0

[Event "*** SCC Grand Prix: Titled Tuesday Blitz"]
[Site "Chess.com"]
[Date "2020.08.11"]
[Round "3"]
[White "Joshukid"]
[Black "Ole83"]
[Result "1-0"]
[WhiteElo "2692"]
[BlackElo "2353"]
[TimeControl "180+1"]
[EndTime "10:28:03 PDT"]
[Termination "Joshukid won by checkmate"]

1. d4 Nf6 2. Nc3 d5 3. Bf4 c6 4. e3 Bf5 5. f3 h6 6. g4 Bh7 7. h4 g5 8. hxg5 hxg5 9. Bh2 Nbd7 10. Qd2 Bg7 11. O-O-O Qa5 12. Kb1 b5 13. Nxd5 Bxc2+ 14. Qxc2 cxd5 15. Qc6 O-O 16. Qxb5 Qd8 17. Bd3 Re8 18.
Ne2 e5 19. Ng3 Rb8 20. Qa4 Qb6 21. Qb3 Qxb3 22. axb3 Rxb3 23. Nf5 e4 24. fxe4 Nxe4 25. Bxe4 Rxe4 26. Rc1 Re8 27. Rc7 Nb6 28. Rb7 Bf8 29. Be5 Rxe5 30. dxe5 Ba3 31. Rb8+ Bf8 32. Rxf8+ Kxf8 33. Rh8# 1-0

[Event "*** SCC Grand Prix: Titled Tuesday Blitz"]
[Site "Chess.com"]
[Date "2020.08.11"]
[Round "3"]
[White "MikeSailer"]
[Black "JoliyRoger"]
[Result "1-0"]
[WhiteElo "2124"]
[BlackElo "2313"]
[TimeControl "180+1"]
[EndTime "10:28:03 PDT"]
[Termination "MikeSailer won by checkmate"]

1. d4 Nf6 2. Bf4 e6 3. Nf3 c5 4. e3 Qb6 5. b3 Nc6 6. Be2 Nh5 7. Bg5 h6 8. Bh4 g5 9. Nfd2 gxh4 10. Bxh5 cxd4 11.
O-O Rh7 12. Nc4 Qc5 13. Nbd2 d5 14. exd4 Qxd4 15. Ne3 Bb4 16. Nf3 Qxd1 17. Raxd1 Be7 18. c4 dxc4 19. Nxc4 Bd7 20. Nd6+ Bxd6 21. Rxd6 Ke7 22.
Rfd1 h3 23. Rxd7+ Kf6 24. Rxb7 Rg7 25. Rdd7 Rxg2+ 26. Kf1 Nd8 27. Rxf7+ Nxf7 28. Rxf7# 1-0

[Event "*** SCC Grand Prix: Titled Tuesday Blitz"]
[Site "Chess.com"]
[Date "2020.08.11"]
[Round "3"]
[White "vrekhson"]
[Black "MarceloPlaya"]
[Result "0-1"]
[WhiteElo "2143"]
[BlackElo "2337"]
[TimeControl "180+1"]
[EndTime "10:28:06 PDT"]
[Termination "MarceloPlaya won by resignation"]

1. e4 e6 2. d4 d5 3. Nc3 Bb4 4. e5 c5 5. a3 Bxc3+ 6. bxc3 Ne7 7. Nf3 Qa5 8. Bd2 Nbc6 9. Qb1 Bd7 10. Qb5 Qxb5 11. Bxb5 Nxe5 12. Bxd7+ Nxd7 13. Rb1 O-O-O 14. Ke2 Nc6 15. g4 e5 16. dxc5 Nxc5 17. Be3 d4 18. cxd4 exd4 19. Bf4 Rhe8+ 20. Kf1 Re4 21. Bg3 Rxg4 22.
Kg2 Ne4 23. Rhd1 Nxg3 24. hxg3 f6 25. Nd2 d3 26. c3 Ra4 27. Ne4 Rxa3 28. Nc5 b6 29.
Nxd3 Rxc3 30. Nf4 Rxd1 31. Rxd1 a5 32. Nd5 Rb3 33. Rc1 Kb7 34. Nf4 a4 35. Nh5 a3 36.
Nxg7 a2 37. Ra1 Nb4 0-1